← All builds
Tech / Armada / Economy first / OBSERVED BUILD

Standard tech

Armada Tech (Eco) build order · Supreme Isthmus

Rushes T2 by 4:15, gets Advanced Metal Extractor around 5:28, hands off T2 constructors to Geo and the team, then scales eco and supplies the team's T2 needs through the rest of the game.

Usually first T2 con to Geo (83%)

#eco #t2 #team support · 1602 distinct matches · 255 players · 60% of Armada Tech games · team won 53% of 1912 · Recently observed

HOW TO PLAY IT

Key timing: T2 factory by 4:15

  1. Open 3 mex and heavy wind to fund a fast T2 rush.
  2. Put down Bot Lab, planning to eat it for reclaim soon after.
  3. Get Advanced Bot Lab up, hitting the T2 factory rush timing.
  4. Upgrade mex to Advanced Metal Extractor to lock in team metal income.
  5. Eat Advanced Bot Lab and keep sending cons to Geo and Pond.

Phase by phase

TYPICAL OF ITS 1602 GAMES
  1. 1
  2. 2
  3. 3
  4. 4
PLAY THE OPENING

Follow the example game's first 6:00 step by step: what to build now, what comes next, and where it goes. At 1× it keeps pace with your own game.

  1. 1

    Up to the Bot Lab

    Economy
    • Metal Extractor3Mex
    • Wind Turbine4Wind
    Order
    1. Bot LabBot Lab after 3 mex, 4 winddone ~1:18, middle half 1:13–1:32

    Some games also: energy storage (31%)

    By 1:01 in all: 3 mex · 4 wind

    The example game in this phase · 7 steps
    1. Mex ×2
    2. Wind ×2
    3. Mex
    4. Wind ×2
    5. Energy storage
    6. Solar
    7. Bot LabBot Labdone 1:41 · typical 1:18
  2. 2

    Bot Lab to Advanced Bot Lab

    Economy
    • Metal Extractor1Mex
    • Wind Turbine8Wind
    • Energy Storage1Energy storage
    Order
    1. Advanced Bot LabAdvanced Bot Lab after 4 mex, 12 wind, 3 con turretdone ~4:16, middle half 4:04–4:30
    Builders
    • Construction Turret3 Con turret
    • Lazarus3 Lazarus
    • Construction Bot2 Con bot
    • Construction Bot1 Con bot for allies

    Some games also: converter (36%)

    By 3:18 in all: 4 mex · 12 wind · 1 energy storage · 3 con turret

    The example game in this phase · 24 steps
    1. LazarusLazarus
    2. Wind ×2for Front
    3. Construction BotCon bot
    4. Construction BotCon botfor Air
    5. Windfor Front
    6. Con turret
    7. Windfor Front
    8. Con turret
    9. Windfor Front
    10. LazarusLazarus
    11. Mex
    12. LazarusLazarus
    13. Windfor Front
    14. LazarusLazarus
    15. Windfor Front
    16. LazarusLazarus
    17. Windfor Front
    18. Construction BotCon bot
    19. Wind ×2
    20. Energy storage
    21. Converter ×2
    22. Bot LabEat Bot Labreclaimed for its metal
    23. Converter ×3
    24. Advanced Bot LabAdvanced Bot Labdone 4:41 · typical 4:16
  3. 3

    Advanced Bot Lab to 5:00

    Economy
    • Wind Turbine3Wind
    Order
    1. Bot LabEat Bot Lab
    Builders
    • Advanced Construction Bot1 T2 con bot for allies

    Some games also: converter (35%)

    By 5:00 in all: 4 mex · 15 wind · 1 converter · 1 energy storage · 3 con turret

    The example game in this phase · 2 steps
    1. Advanced Construction BotT2 con botfor Geo
    2. Advanced Metal ExtractorT2 mexdone 5:33 · typical 5:29
  4. 4

    5:00 to 10:00

    Economy
    • Wind Turbine43Wind
    • Energy Converter6Converter
    Builders
    • Butler9 Butler
    • Advanced Construction Bot4 T2 con bot for allies
    • Advanced Construction Bot1 T2 con bot

    Some games also: con turret (43%) · Butler for allies (37%)

    By 10:00 in all: 4 mex · 58 wind · 8 converter · 1 energy storage · 3 con turret

    The example game in this phase · 171 steps
    1. Advanced Construction BotT2 con botfor Air
    2. Advanced Metal ExtractorT2 mex
    3. Advanced Construction BotT2 con botfor Front
    4. ButlerButler
    5. Advanced Metal ExtractorT2 mex
    6. Wind
    7. ButlerButler
    8. Advanced Metal ExtractorT2 mex
    9. Wind ×2
    10. Windfor Front
    11. ButlerButler
    12. Windfor Front
    13. ButlerButler
    14. Advanced Construction BotT2 con botfor Geo sea
    15. Wind ×2for Front
    16. Advanced Construction BotT2 con botfor Beach sea
    17. Wind ×4
    18. Advanced Construction BotT2 con botfor Pond
    19. Wind ×8
    20. ButlerButler
    21. Wind ×2
    22. ButlerButler
    23. Wind
    24. ButlerButler
    25. Wind ×2
    26. ButlerButler
    27. Wind
    28. Con turret
    29. Wind
    30. Advanced Construction BotT2 con botfor Suicide front
    31. Wind ×22
    32. ButlerButlerfor Front
    33. Wind ×12
    34. ButlerButler
    35. Wind ×9
    36. HoundHoundfor Front
    37. Wind ×4
    38. Converter
    39. Wind ×2
    40. Converter
    41. Wind ×7
    42. HoundHoundfor Front
    43. Wind
    44. Converter
    45. Wind ×9
    46. Converter
    47. Wind
    48. Converter
    49. HoundHound
    50. Wind ×4
    51. Converter
    52. Wind ×3
    53. ButlerButler
    54. Wind ×5
    55. ButlerButler
    56. Wind ×2
    57. Converter ×2
    58. Wind ×3
    59. ButlerButler
    60. Wind ×2
    61. Converter
    62. Wind ×2
    63. Converter
    64. Wind ×3
    65. HoundHoundfor Front
    66. Wind ×3
    67. Converter
    68. Wind ×2
    69. Converter
    70. Wind ×2
    71. Converter
    72. HoundHoundfor Front
    73. Wind ×2
    74. Converter
    75. Wind ×5
    76. Converter ×3
    77. HoundHoundfor Front
    78. Wind ×4
    79. Converter
    80. Wind ×2
    81. Converter
    82. HoundHoundfor Front
    83. Wind ×2
    84. Converter ×2
    85. Wind ×2
    86. Converter
    87. HoundHoundfor Front
    88. Wind
    89. Converter
    90. Wind
    91. Converter
    92. HoundHoundfor Front
    93. Wind ×2
    94. Converter ×2
    95. Wind
    96. Converter
    97. Wind
    98. Converter
    99. HoundHoundfor Front
    100. Wind
    101. Converter
    102. Wind
    103. Converter
    104. Wind ×2
    105. Converter
    106. HoundHound
    107. Wind ×3
    108. Converter
    109. Wind
    110. Converter
    111. HoundHound
    112. Wind
    113. Converter
    114. Wind ×3
    115. Converter ×2
    116. HoundHound
    117. Con turret
    118. Wind ×2
    119. PlatypusPlatypus
    120. Wind ×2
    121. Converter ×2
    122. Wind ×2
    123. Con turret
    124. Converter
    125. Wind ×5
    126. Converter ×2
    127. Wind
    128. Con turret
    129. Wind ×4
    130. Converter
    131. Wind
    132. Converter
    133. Wind
    134. Converter ×2
    135. Wind
    136. Converter
    137. PlatypusPlatypus
    138. Wind
    139. Converter
    140. Wind
    141. UmbrellaAnti-nukedone 13:49
    142. Wind ×2
    143. Converter
    144. Wind
    145. Converter
    146. Wind
    147. Converter
    148. Wind
    149. Converter
    150. Wind ×3
    151. Converter
    152. Wind ×2
    153. Con turret ×2
    154. Wind ×2
    155. Con turret
    156. Converter
    157. Wind ×2
    158. Con turret
    159. Converter ×2
    160. Con turret
    161. Wind ×3
    162. Converter
    163. Wind ×3
    164. Converter
    165. Wind ×2
    166. Converter
    167. Wind ×2
    168. UmbrellaAnti-nuke
    169. Wind ×2
    170. Converter
    171. Wind ×2

Counts are medians over the build's games: half of them build more, half fewer. The example game is isbedabrick's (31 OS, 27/08/2026); pick another.

Team trades

IN AT LEAST 30% OF ITS GAMES

You hand over

  • Construction Bot1 Con bot to Airfirst at 2:23 · in 84% of games
  • Advanced Construction Bot5 T2 con bot to Air or Geo sea or Pondfirst at 4:50 · in 99% of games
  • Butler2 Butler to Geo sea or Beach sea or Pondfirst at 9:06 · in 42% of games

You get

  • Hercules1 Light transport from Airfirst at 4:01 · in 86% of games

How it plays out

Typical game of this build, running totals by minute

Metal produced

020k40k
0:005:0010:0015:00

metal

Enemy metal destroyed

050100150
0:005:0010:0015:00

metal

Own metal lost

050100150
0:005:0010:0015:00

metal

1912 games.

Show as table
ByMetal produced: This buildEnemy metal destroyed: This buildOwn metal lost: This build
1:0038300
2:0091500
3:00165200
4:00314400
5:00484800
6:00579900
7:00722700
8:00906500
9:001118000
10:001352000
11:001624200
12:001965200
13:002343000
14:0027286074
15:0031503108130
WHAT THE NUMBERS SAY

Standard Tech play barely fights at all early, instead pouring metal into T2 infrastructure and constructors for the team.

  • + Metal produced hits 31679 by 15:00, by far the highest of any role here.
  • + T2 factory reached in 97% of games by 4:15, fastest and most reliable T2 timing.
  • − Enemy metal destroyed stays at 0 through 10:00, no early offense at all.
  • − Own metal lost also near 0, showing total avoidance of combat risk.
THE EXAMPLE YOU ARE READING

isbedabrick

31.3 OS · 27/08/2026

Open source match ↗

1 received units
1706 metal received · 63961 energy received

Allied construction assistance is unknown. Timings are observations, not a promise of solo reproducibility.

Typical milestones

Bot Lab1:18Middle 50%: 1:13–1:32 · n=1912
Advanced Bot Lab4:16Middle 50%: 4:04–4:30 · n=1905
Advanced Metal Extractor5:29Middle 50%: 5:05–5:59 · n=1908

Played most by

Amrissa97games of this buildTheGeneraI70games of this buildAdeus57games of this buildEl_Turco55games of this buildKOT_44games of this build